 Dungeon Crawl Stone Soup version 0.16.1-11-g651b585 (webtiles) character file.

69 maniek23 the Insei (level 4, 0/22 HPs)
             Began as a Vine Stalker Transmuter on Apr 3, 2015.
             Was a Follower of Elyvilon.
             Killed by divine providence
             ... invoked by an orc priest
              (11 damage)
             ... on level 3 of the Dungeon.
             The game lasted 00:06:15 (1509 turns).

maniek23 the Insei (Vine Stalker Transmuter)        Turns: 1509, Time: 00:06:15

Health: 0/22       AC:  3    Str: 13    XL:     4   Next: 20%
Magic:  0/9        EV: 13    Int: 14    God:    Elyvilon [*.....]
Gold:   48         SH:  0    Dex: 14    Spells: 2 memorised, 5 levels left

rFire  . . .     SeeInvis .       - Unarmed
rCold  . . .     Clarity  .     c - +0 robe
rNeg   . . .     SustAb   .     (no shield)
rPois  .         Gourm    .     (no helmet)
rElec  .         Spirit   +     e - +0 cloak
rCorr  .         Warding  .     (no gloves)
rMut   .         Stasis   .     (no boots)
MR     .....                    (no amulet)
Stlth  +.........               (no ring)
                                (no ring)

@: not resistant to hostile enchantments, very unstealthy
A: fangs 2, regeneration 1, magic shield, antimagic bite, no device heal 3, rot
immunity
a: Lesser Healing, Divine Protection, Renounce Religion


You were on level 3 of the Dungeon.
You worshipped Elyvilon.
Elyvilon was aware of your devotion.
You were not hungry.

You visited 1 branch of the dungeon, and saw 3 of its levels.

You collected 48 gold pieces.

Inventory:

Hand weapons
 p - a +0 dagger
Missiles
 b - 34 arrows
Armour
 c - a +0 robe (worn)
 e - a +0 cloak (worn)
Scrolls
 k - 5 scrolls of fear {unknown}
 l - a scroll of identify {unknown}
 m - a scroll of noise {unknown}
 n - 2 scrolls of remove curse {unknown}
 q - a scroll of fog {unknown}
Potions
 f - a potion of degeneration {unknown}
 g - a potion of restore abilities {unknown}
 h - a potion of ambrosia {unknown}
 j - 2 potions of curing {unknown}
 r - a potion of lignification {unknown}
Books
 d - a book of Changes

   Spells                             Type                      Level
   a - Beastly Appendage              Transmutation                1
   b - Sticks to Snakes               Transmutation                2
   c - Spider Form                    Transmutation/Poison         3
   d - Ice Form                       Ice/Transmutation            4
   e - Blade Hands                    Transmutation                5
Comestibles
 a - 3 bread rations
 i - a chunk of flesh
 o - a meat ration


   Skills:
 + Level 1.1 Fighting
 + Level 2.4 Dodging
 + Level 0.3 Stealth
 * Level 3.5 Unarmed Combat
 + Level 2.5 Spellcasting
 * Level 2.6 Transmutations


You had 5 spell levels left.
You knew the following spells:

 Your Spells              Type           Power        Failure   Level  Hunger
a - Beastly Appendage     Trmt           #.....       10%         1    #......
b - Sticks to Snakes      Trmt           #.........   14%         2    ###....


Dungeon Overview and Level Annotations

Branches:
Dungeon (3/15)

Altars:
Ashenzari
Dithmenos
Elyvilon
Kikubaaqudgha
Makhleb
Qazlal
Ru
Vehumet


Innate Abilities, Weirdness & Mutations

You have extremely sharp teeth.
Your natural rate of healing is unusually fast.
When hurt, damage is shared between your health and your magic reserves.
Your bite disrupts and absorbs the magic of your enemies.
Potions and wands cannot restore your health.
You are immune to rotting.


Message History

The orc priest looks braver.
b - 37 arrows (in hand)
Casting: Beastly Appendage
Confirm with . or Enter, or press ? or * to list all spells.
You create a snake!
Casting: Sticks to Snakes
Confirm with . or Enter, or press ? or * to list all spells.
You create a snake!
Casting: Sticks to Snakes
Confirm with . or Enter, or press ? or * to list all spells.
You create a snake!
The orc priest mumbles some strange prayers to Beogh against you.
Something smites you!
Ouch! That really hurt!
The orc misses your ball python.
You are now empty-handed.
The orc priest mumbles some strange prayers to Beogh against you.
Something smites you!
Ouch! That really hurt!
You die...

....###.....##
.............#
.......o......#
........o.....#
.....o..#....##
o......#....#
o......o..o#######
.!.....##..oSS...##
##.... ###.S.@<..#
..... #########
####


You could see an orc priest, 2 orcs and 3 friendly ball pythons.

Vanquished Creatures
  3 adders
  A giant gecko (D:2)
  6 bats
  6 goblins
  10 hobgoblins
  3 jackals (D:1)
  A kobold (D:2)
  A ball python (D:2)
  3 giant newts (D:2)
  6 rats
40 creatures vanquished.

Notes
Turn   | Place    | Note
--------------------------------------------------------------
     0 | D:1      | maniek23, the Vine Stalker Transmuter, began the quest for the Orb.
     0 | D:1      | Reached XP level 1. HP: 9/9 MP: 3/3
    51 | D:1      | Reached skill level 1 in Fighting
   266 | D:1      | Reached XP level 2. HP: 8/14 MP: 6/6
   296 | D:1      | Learned a level 2 spell: Sticks to Snakes
   372 | D:1      | Reached XP level 3. HP: 18/18 MP: 5/7
   886 | D:2      | Found a stormy altar of Qazlal.
   912 | D:2      | Found a shadowy altar of Dithmenos.
   912 | D:2      | Found a burning altar of Makhleb.
   913 | D:2      | Found a sacrificial altar of Ru.
   913 | D:2      | Found a white marble altar of Elyvilon.
   913 | D:2      | Found an ancient bone altar of Kikubaaqudgha.
   914 | D:2      | Found a radiant altar of Vehumet.
   956 | D:2      | Became a worshipper of Elyvilon the Healer
  1029 | D:2      | Reached XP level 4. HP: 13/22 MP: 5/9
  1089 | D:2      | Found a shattered altar of Ashenzari.
  1493 | D:3      | Acquired Elyvilon's first power
  1509 | D:3      | Killed from afar by an orc priest

Action                   |  1- 3 |  4- 6 || total
-------------------------+-------+-------++-------
Melee: Unarmed           |   104 |    23 ||   127
 Cast: Beastly Appendage |     8 |     2 ||    10
       Sticks to Snakes  |       |     3 ||     3
  Eat: Chunk             |     1 |     1 ||     2
